 Dungeon Crawl Stone Soup version 0.29.0-13-gc9e81de378 (webtiles) character file.

Game seed: 1743314739550226070

82 Powertoast the Chopper (level 4, -4/40 HPs)
             Began as a Hill Orc Fighter on Sept 8, 2022.
             Slain by an orc priest
             ... wielding a +2 hand axe of electrocution
              (15 damage)
             ... on level 3 of the Dungeon.
             The game lasted 00:03:28 (1803 turns).

Powertoast the Chopper (Hill Orc Fighter)           Turns: 1803, Time: 00:03:29

Health: -4/40      AC: 11    Str: 20    XL:     4   Next: 43%
Magic:  4/4        EV:  5    Int:  8    God:
Gold:   106        SH:  4    Dex: 10    Spells: 3/3 levels left

rFire   . . .      SeeInvis .   a - +0 war axe
rCold   . . .      Faith    .   c - +0 buckler
rNeg    . . .      Spirit   .   g - +0 plate armour
rPois   .          Reflect  .   (no helmet)
rElec   .          Harm     .   (no cloak)
rCorr   .          Rampage  .   (no gloves)
Will    .....                   (no boots)
Stlth   ..........              (no amulet)
HPRegen 0.13/turn               (no ring)
MPRegen 0.09/turn               (no ring)

@: no status effects
A: no striking features
a: Convert to Beogh


You were on level 3 of the Dungeon.
You visited 1 branch of the dungeon, and saw 3 of its levels.

You collected 106 gold pieces.

Inventory:

Hand Weapons
 a - a +0 war axe (weapon)
Armour
 b - a +0 scale mail
 c - a +0 buckler (worn)
 g - a +0 plate armour (worn)
Scrolls
 f - a scroll of identify {unknown}
 h - a scroll of vulnerability {unknown}
 i - a scroll of teleportation {unknown}
 j - a scroll of enchant armour {unknown}
 k - a scroll of fear {unknown}
Potions
 d - 2 potions of might
 e - 2 potions of flight {unknown}
 l - a potion of magic {unknown}
 m - a potion of curing {unknown}


   Skills:
 - Level 4.0 Fighting
 * Level 5.0 Axes
 + Level 4.0 Armour
 - Level 3.2 Shields


You had 3 spell levels left.
You didn't know any spells.
Your spell library contained the following spells:

 Spells                   Type           Power      Damage    Failure   Level
 Apportation              Tloc           0%         N/A       100%        1
 Anguish                  Hex/Necr       0%         N/A       100%        4
 Alistair's Intoxication  Tmut/Pois      0%         N/A       100%        5
 Enfeeble                 Hex            0%         N/A       100%        7


Dungeon Overview and Level Annotations

Branches:
Dungeon (3/15)

Altars:


Message History

You kill the adder!
You see here a +0 club.
You now have 106 gold pieces (gained 8).
An endoplasm and a rat come into view.
The endoplasm quivers.
The rat twitches its whiskers.
The rat barely misses you.
You slash the rat!
You kill the rat!
The endoplasm hits you but does no damage.
Your Axes skill increases to level 5!
You hit the endoplasm but do no damage.
The endoplasm hits you but does no damage.
You slash the endoplasm!
You kill the endoplasm!
An orc comes into view. It is wielding a +0 hand axe.
The orc shouts!
You slash the orc!
You kill the orc!
An orc priest comes into view.
It is wielding a +2 hand axe of electrocution.
The orc priest shouts, "Beogh is our master!
Accept the truth or die!" (press Y on the ability menu to convert to Beogh)
The orc priest shouts!
The orc priest invokes the aid of Beogh against you.
Beogh smites you!
Things that are here:
a +0 hand axe; a +0 leather armour; an orc corpse An orc priest comes into view.
It is wielding a +0 dagger.
The orc priest shouts!
You hear a shout!
The orc priest moves out of view.
You hear an angry hiss.
An orc comes into view. It is wielding a +0 dagger.
The orc priest shouts, "Surrender to Beogh and we'll let you live!"
The orc priest hits you with a +2 hand axe of electrocution.
You are electrocuted!
* * * LOW HITPOINT WARNING * * *
You barely miss the orc priest.
The orc priest hits you but does no damage.
You are electrocuted!
You die...

.# .# .# .# .##
##########..#####
###....)...........
#.oo@##.##..$..##
#..###.#.##.#.##.
#o #...#...## ..
#..###.#.##.#.##.#
#....##.##.....##.#
#.............. .
#####..########
#.## ..#####)#


You could see 2 orc priests and an orc.

Vanquished Creatures
  4 adders
  A worm (D:3)
  2 dart slugs
  An orc (D:3)
  3 ball pythons
  4 endoplasms
  A giant cockroach (D:2)
  3 goblins
  2 jackals (D:1)
  A quokka (D:2)
  5 bats
  7 kobolds
  7 rats
41 creatures vanquished.

Notes
Turn   | Place    | Note
-------+----------+-------------------------------------------
     0 | D:1      | Powertoast the Hill Orc Fighter began the quest for the
                  | Orb.
     0 | D:1      | Reached XP level 1. HP: 19/19 MP: 1/1
   220 | D:1      | Reached skill level 3 in Axes
   266 | D:1      | Reached XP level 2. HP: 27/27 MP: 2/2
   835 | D:2      | Reached skill level 4 in Axes
   835 | D:2      | Reached XP level 3. HP: 31/33 MP: 3/3
  1069 | D:2      | Found a faded altar of an unknown god.
  1598 | D:3      | Reached XP level 4. HP: 40/40 MP: 4/4
  1787 | D:3      | Reached skill level 5 in Axes
  1803 | D:3      | Slain by an orc priest

Illustrated notes

Levels and vault maps discovered:
D:1:      psy_arrival_basics, layout_basic, st_stairs_9
D:2:      layout_loops_ring, basic_ecumenical_altar
D:3:      layout_basic, trog_book, minmay_ruptured, uniq_jessica, uniq_robin

Skill      XL: |  1  2  3  4 |
---------------+-------------+-----
Axes           | 3 4 5 |  5.0
Fighting       | 4 |  4.0
Armour         | 4 |  4.0
Shields        | |  3.2

Action                   |  1- 3 |  4- 6 || total
-------------------------+-------+-------++-------
Melee: War axe           |    91 |    19 ||   110
Armor: Plate armour      |    55 |    12 ||    67
       Scale mail        |    10 |       ||    10
Dodge: Dodged            |    26 |     9 ||    35
Block: Buckler           |    28 |     1 ||    29
